 Dungeon Crawl Stone Soup version 0.22.1-1-ga44c0e56f4 (webtiles) character file.

58 Ivernyr the Magician (level 4, 36/36 HPs)
             Began as a Naga Wizard on Oct 23, 2018.
             Quit the game on level 2 of the Dungeon.
             The game lasted 00:06:46 (1663 turns).

Ivernyr the Magician (Naga Wizard)                  Turns: 1663, Time: 00:06:46

Health: 36/36      AC:  3    Str:  9    XL:     4   Next: 2%
Magic:  7/9        EV: 10    Int: 19    God:
Gold:   73         SH:  0    Dex: 10    Spells: 1/10 levels left

rFire    . . .     SeeInvis +   c - +0 whip
rCold    . . .     Gourm    .   (no shield)
rNeg     . . .     Faith    .   a - +0 robe
rPois    +         Spirit   .   b - +0 hat
rElec    .         Reflect  .   g - +0 cloak
rCorr    .         Harm     .   (no gloves)
MR       .....                  (no barding)
Stlth    ++........             (no amulet)
HPRegen  0.12/turn              (no ring)
MPRegen  0.11/turn              (no ring)

@: very slow
A: large, see invisible, deformed body, poison resistance, slowness 2, slow
metabolism 1, spit poison 1, AC +1
a: Spit Poison


You were on level 2 of the Dungeon.
You were hungry.

You visited 1 branch of the dungeon, and saw 2 of its levels.

You collected 73 gold pieces.

Inventory:

Hand Weapons
 c - a +0 whip (weapon)
Armour
 a - a +0 robe (worn)
 b - a +0 hat (worn)
 g - a +0 cloak (worn)
Scrolls
 f - a scroll of amnesia {unknown}
 h - a scroll of immolation {unknown}
 i - a scroll of identify {unknown}
 l - a scroll of magic mapping {unknown}
Potions
 e - a potion of haste {unknown}
 j - a potion of ambrosia {unknown}
 k - a potion of curing {unknown}
Comestibles
 d - 3 rations


   Skills:
 - Level 1.5 Dodging
 - Level 3.0 Stealth
 + Level 3.8 Spellcasting
 + Level 2.6 Conjurations
   Level 1.0 Summonings
 - Level 1.0 Translocations


You had one spell level left.
You knew the following spells:

 Your Spells              Type           Power        Failure   Level  Hunger
a - Magic Dart            Conj           ##..         4%          1    None
b - Blink                 Tloc           N/A          14%         2    ##.....
c - Conjure Flame         Conj/Fire      #.......     24%         3    ###....
d - Mephitic Cloud        Conj/Pois/Air  #.......     28%         3    ###....

Your spell library contained the following spells:

 Spells                   Type           Power        Failure   Level  Hunger
 Call Imp                 Summ           #.......     14%         2    ##.....
 Slow                     Hex            #.......     22%         2    ##.....


Dungeon Overview and Level Annotations

Branches:
Dungeon (2/15)

Altars:
Elyvilon


Innate Abilities, Weirdness & Mutations

You cannot wear boots.
Your serpentine skin is tough. (AC +1)
You have supernaturally acute eyesight. (SInv)
Armour fits poorly on your strangely shaped body.
Your system is resistant to poisons. (rPois)
You cover ground very slowly.
You have a slow metabolism.
You can spit poison.


Message History

Aiming: Magic Dart (safe; 4% risk of failure)
Press: ? - help, Shift-Dir - straight line, f/p - worm
Aim: a worm (severely wounded, poisoned)
You miscast Magic Dart.
You are very lightly contaminated with residual magic.
Your skin tingles.
The worm misses you.
Press: ? - help, Shift-Dir - straight line, f/p - worm
Aim: a worm (severely wounded, poisoned)
The splash of poison hits the worm.
The worm looks even sicker.
You kill the worm!
You have reached level 4!
You feel agile.
You feel slightly more hungry.
You start resting.
You have got your breath back.
You start resting.
Your magical contamination has completely faded away.
You start resting.
You are feeling hungry.
Are you sure you want to abandon this character and quit the game? (Confirm

#.. #.# #.# .!.#..#
#.###.#####
.....####.##......#
.(...(.......###.#
...####..##.# #.#
#..# ##.##.# #.##
#..# #.##.# #...
#..#####.##.######
#@.............###
#.######.(........
#......(....#####.
############# #. ##


There were no monsters in sight!

Vanquished Creatures
  An adder (D:2)
  An ooze (D:2)
  A worm (D:2)
  4 dart slugs (D:1)
  3 leopard geckos
  3 bats (D:1)
  A giant cockroach (D:1)
  8 goblins
  3 kobolds
  A frilled lizard (D:1)
  3 rats
29 creatures vanquished.

Vanquished Creatures (others)
  A quokka (D:2)
1 creature vanquished.

Grand Total: 30 creatures vanquished

Notes
Turn   | Place    | Note
-------+----------+-------------------------------------------
     0 | D:1      | Ivernyr the Naga Wizard began the quest for the Orb.
     0 | D:1      | Reached XP level 1. HP: 15/15 MP: 4/4
   126 | D:1      | Reached XP level 2. HP: 22/22 MP: 0/6
   130 | D:1      | Learned a level 2 spell: Blink
   653 | D:1      | Reached XP level 3. HP: 28/28 MP: 4/8
   691 | D:1      | Learned a level 3 spell: Conjure Flame
   695 | D:1      | Learned a level 3 spell: Mephitic Cloud
   809 | D:1      | You fall through a shaft!
  1508 | D:2      | Found a white marble altar of Elyvilon.
  1624 | D:2      | Reached XP level 4. HP: 36/36 MP: 2/9
  1663 | D:2      | Quit the game

Skill      XL: |  1  2 |
---------------+-------+-----
Conjurations   | 2 |  2.6
Dodging        | |  1.5
Stealth        | |  3.0
Spellcasting   | |  3.8
Summonings     | |  1.0
Translocations | |  1.0

Action                   |  1- 3 |  4- 6 || total
-------------------------+-------+-------++-------
Melee: Whip              |     2 |       ||     2
 Cast: Magic Dart        |    79 |       ||    79
 Abil: Spit Poison       |     7 |     1 ||     8
  Eat: Chunk             |     1 |       ||     1
Armor: Robe              |     2 |       ||     2
Dodge: Dodged            |     3 |       ||     3
